groovejumper, chaotic female elven Wizard ------ |....| ### |.....## ## -------- |....| # # ------ |......| |.....###########################--....----- |....| |.......## |....| ########%.(.b@....| ##-....| |...<..| # #.....| |.........| # |....| |......|#######------ |.........| ### ------ -------- # ############# ##-?.)..=...| # #### # # |..)....... ### ## # ### -----------## ############### # ### # # ### # # ### # # ######* # # ### # ------------ ### # # ### |....^.....| # ############### # |..........-################################################ ------------ groovejumper the Thaumaturge Experience level: 8 Strength: 12 Dexterity: 14 Constitution: 16 Intelligence: 16 Wisdom: 12 Charisma: 9 Health: 0(62) Energy: 78(86) AC: 7 Gold: 1340 Moves: 5129 Your Inventory: Coins $ - 1340 gold pieces Amulets u - a [cursed] warped amulet [of strangulation] y - a [cursed] triangular amulet [of change] Weapons a - a blessed +1 quarterstaff (weapon in hands) o - 12 [uncursed +0] darts (in quiver) Armor b - a blessed +0 cloak of magic resistance (being worn) q - an [uncursed] +0 pair of hard shoes [iron] (being worn) Comestibles r - 6 [uncursed] food rations s - an [uncursed] pancake t - an [uncursed] lichen corpse v - an [uncursed] tripe ration S - an [uncursed] carrot V - 2 [uncursed] cream pies Scrolls i - a blessed scroll of confuse monster j - an uncursed scroll of remove curse k - an uncursed scroll of confuse monster n - an [uncursed] scroll labeled ABRA KA DABRA [of destroy armor] z - a cursed scroll of enchant weapon T - an [uncursed] scroll labeled GHOTI [of enchant armor] Y - a [blessed] scroll labeled YUM YUM [of teleportation] Spellbooks l - a blessed spellbook of force bolt A - an [uncursed] plain spellbook [of blank paper] C - an [uncursed] spellbook of magic missile Potions f - an uncursed clear potion [of water] g - a blessed potion of speed h - an uncursed potion of blindness Z - an [uncursed] effervescent potion [of healing] Rings d - an uncursed ring of free action e - an uncursed +1 ring of gain wisdom B - an [uncursed] silver ring [of slow digestion] Wands c - an uncursed wand of undead turning (0:5) w - an [uncursed] bronze wand [of teleportation (0:8)] U - an [uncursed] jeweled wand [of create monster (0:15)] Tools p - an [uncursed +0] pick-axe W - an [uncursed tallow] candle Spells known in the end: Name Level Category Fail Memory a - force bolt 1 attack 0% [||||||..] b - knock 1 matter 0% [||||||..] c - magic missile 2 attack 0% [|||||||.] d - slow monster 2 enchantment 0% [|||||||.] Your skills at the end: Fighting Skills Weapon Skills quarterstaff [Skilled / Expert] Spellcasting Skills attack spells [Skilled / Expert] enchantment spells [Basic / Skilled] Final Attributes: You were piously aligned. Hunger level was 501. Your alignment was 35 / 35. Monster difficulty range was 1 - 7. Level difficulty was 6. You were immune to sleep. You were magic-protected. You were hallucinating. You saw invisible. You had infravision. Your luck was zero. You are dead. Vanquished creatures: a small mimic a leather golem a chameleon a crocodile a panther an orc-captain a mumak an owlbear 2 yetis a gold golem a housecat a dwarf lord a plains centaur 4 human zombies 2 yellow lights a gnome lord a red naga hatchling a black naga hatchling 5 elf zombies a ghoul 3 giant ants 2 little dogs a floating eye 3 kittens a dwarf a kobold shaman 6 hill orcs 4 rothes 2 rabid rats a giant bat a monkey 4 dwarf zombies a wererat 2 iguanas 2 acid blobs 2 gas spores 2 manes a large kobold a hobgoblin 3 giant rats 3 yellow molds a green mold 5 gnomes 2 gnome zombies 3 geckos 16 jackals a fox 2 goblins 2 sewer rats 5 grid bugs a bat 3 lichens 4 kobold zombies 5 newts and a partridge in a pear tree 125 creatures vanquished. Voluntary challenges: You were an atheist. You used a wielded weapon 135 times. You read items or engraved 49 times. You put on armor 2 times. You never genocided any monsters. You never polymorphed an object. You never changed form. You used no wishes. You wrote Elbereth's name 25 times. You never encountered a bones level. You never used any Sokoban shortcuts. Dungeon overview: The Dungeons of Doom: levels 1 to 7 Level 1 a long staircase Level 2 stairs to The Gnomish Mines Level 5 a general store, a sink Level 6 <- You were here The Gnomish Mines: Level 3 stairs to The Dungeons of Doom History has recorded: On T:1 you entered the Dungeons of Doom to retrieve the Amulet of Yendor! On T:268 you reached level 2 of The Dungeons of Doom. On T:269 you advanced to experience level 2. On T:406 you advanced to experience level 3. On T:559 you reached level 1 of The Gnomish Mines. On T:604 you reached level 3 of The Dungeons of Doom. On T:605 you advanced to experience level 4. On T:956 you reached level 4 of The Dungeons of Doom. On T:1155 you advanced to experience level 5. On T:1663 you reached level 5 of The Dungeons of Doom. On T:1804 you advanced to experience level 6. On T:1973 you reached level 6 of The Dungeons of Doom. On T:2058 you advanced to experience level 7. On T:2508 you reached level 7 of The Dungeons of Doom. On T:3349 you advanced to experience level 8. Latest messages: You hit the baby long word! The common comma hits! The disenchanter hits! [HP-4=30] You hit the zergling! You hit the scorpion. The Predator hits! The Ewok hits! [HP-6=24] You destroy the rope golem! You hit the dangling pointer. The disenchanter bites! The fog cloud hits! [HP-8=16] You hit the rat-ant! You hit the marilith! The wee green blobbie bites! The clay golem hits! [HP-13=3] You hit the raging nerd! The brogmoid bites! You die... Final status: Goodbye groovejumper the Wizard... You died in The Dungeons of Doom on dungeon level 6 with 8562 points, and 1340 pieces of gold, after 5129 moves. You were level 8 with a maximum of 62 hit points when you died.